 Dungeon Crawl Stone Soup version 0.25-a0-464-g3004169c2b (webtiles) character file.

Game seed: 9285727342354288814, levelgen mode: deterministic

130 BeastOfSaturn the Stinger (level 4, 0/31 HPs)
             Began as a Demonspawn Venom Mage on Feb 4, 2020.
             Slain by a centaur (3 damage)
             ... on level 3 of the Dungeon.
             The game lasted 00:16:00 (3555 turns).

BeastOfSaturn the Stinger (Demonspawn Venom Mage)   Turns: 3555, Time: 00:16:00

Health: 0/31       AC:  7    Str:  9    XL:     4   Next: 89%
Magic:  3/8        EV: 12    Int: 17    God:
Gold:   156        SH:  0    Dex: 13    Spells: 5/8 levels left

rFire    . . .     SeeInvis .   x - +0 whip
rCold    + . .     Gourm    .   (no shield)
rNeg     . . .     Faith    .   h - +0 leather armour
rPois    .         Spirit   .   p - +2 hat
rElec    .         Reflect  .   (no cloak)
rCorr    .         Harm     .   (no gloves)
MR       .....                  (no boots)
Stlth    ++........             (no amulet)
HPRegen  0.10/turn              m - ring of protection from fire
MPRegen  0.11/turn              v - ring of ice

@: no status effects
A: hooves 1, thin metallic scales 1, demonic guardian 1
a: no special abilities


You were on level 3 of the Dungeon.
You were not hungry.

You visited 1 branch of the dungeon, and saw 3 of its levels.

You collected 156 gold pieces.

Inventory:

Hand Weapons
 x - a +0 whip (weapon)
Armour
 h - a +0 leather armour (worn)
 k - a +0 robe
 p - a +2 hat (worn)
Jewellery
 m - a ring of protection from fire (left hand)
 v - a ring of ice (right hand)
Wands
 t - a wand of acid (8)
Scrolls
 d - a scroll of amnesia {unknown}
 f - 3 scrolls of fear {unknown}
 g - 2 scrolls of teleportation {unknown}
 n - a scroll of enchant armour {unknown}
 u - a scroll of random uselessness {unknown}
Potions
 i - a potion of might {unknown}
 j - a potion of berserk rage {unknown}
 l - a potion of flight {unknown}
 o - a potion of brilliance {unknown}
 q - 2 potions of curing {unknown}
 s - 3 potions of lignification {unknown}
 w - a potion of degeneration {unknown}
Comestibles
 c - 2 rations


   Skills:
 + Level 0.8 Fighting
   Level 0.9 Short Blades
 * Level 0.8 Armour
 + Level 2.0 Dodging
 - Level 2.1 Stealth
 + Level 0.2 Unarmed Combat
 + Level 2.8 Spellcasting
 + Level 1.3 Transmutations
 + Level 0.8 Air Magic
 + Level 3.9 Poison Magic


You had 5 spell levels left.
You knew the following spells:

 Your Spells              Type           Power        Failure   Level  Hunger
a - Sting                 Tmut/Pois      ##..         9%          1    #......
b - Poisonous Vapours     Pois/Air       ##....       14%         2    ##.....

Your spell library contained the following spells:

 Spells                   Type           Power        Failure   Level  Hunger
 Ignite Poison            Fire/Tmut/Pois #.......     34%         3    ###....
 Mephitic Cloud           Conj/Pois/Air  #.......     36%         3    ###....
 Olgreb's Toxic Radiance  Pois           ###.....     43%         4    #####..


Dungeon Overview and Level Annotations

Branches:
Dungeon (3/15)

Altars:
Nemelex Xobeh
Okawaru
The Shining One


Innate Abilities, Weirdness & Mutations

You have large cloven feet.
You are partially covered in thin metallic scales. (AC +2)
A weak demonic guardian rushes to your aid.


Message History

Aiming: Poisonous Vapours (safe; 14% risk of failure)
Press: ? - help, Dir - move target cursor, f/p - centaur
Aim: a centaur, wielding a +0 shortbow and quivering 24 arrows (lightly wounded, poisoned) Poisonous vapours surround the centaur!
The centaur is engulfed in poison gas.
The centaur looks even sicker.
The centaur shoots an arrow.
The arrow closely misses you.
The centaur shoots an arrow.
The arrow hits you!
Things that are here:
an arrow; 10 gold pieces The centaur shoots an arrow.
The arrow hits you!
* * * LOW HITPOINT WARNING * * *
You see here an arrow.
You hit the centaur. You kick the centaur, but do no damage.
The centaur is severely wounded.
The centaur unwields a +0 shortbow.
The centaur hits you.
* * * LOW HITPOINT WARNING * * *
You closely miss the centaur. You kick the centaur.
The centaur is severely wounded.
The centaur hits you.
You die...

#.##...).......
######.##.).###.#.#.
.........).......#.##
#######.##.....##...)
.. ..........##..##
#.###.##..........# #
#. #.#....)..⌠.⌠.#
#.##c###.#........_..#
#.#?.@##.#.......⌠.⌠##
#...5.(#.####......##
#.....(# #...####
#.....(# #...#
#.#...## # ##.##
#.###†##.# #.#
#.##...#.# #.#
#.(..#...# #.#
####...### #.# ##


You could see a centaur and a friendly iron imp.

Vanquished Creatures
  A bullfrog (D:3)
  An adder (D:3)
  A worm (D:3)
  2 dart slugs
  2 orcs (D:3)
  2 ball pythons
  A giant cockroach (D:2)
  7 goblins
  7 hobgoblins
  2 jackals (D:1)
  2 quokkas
  10 bats
  3 frilled lizards (D:2)
  7 kobolds
  8 rats
56 creatures vanquished.

Notes
Turn   | Place    | Note
-------+----------+-------------------------------------------
     0 | D:1      | BeastOfSaturn the Demonspawn Venom Mage began the quest for
                  | the Orb.
     0 | D:1      | Reached XP level 1. HP: 13/13 MP: 3/3
   399 | D:1      | Gained mutation: You are partially covered in thin metallic
                  | scales. (AC +2) [demonic ancestry]
   399 | D:1      | Reached XP level 2. HP: 4/19 MP: 0/5
   705 | D:1      | Reached skill level 1 in Transmutations
  1450 | D:2      | Gained mutation: A weak demonic guardian rushes to your
                  | aid. [demonic ancestry]
  1450 | D:2      | Reached XP level 3. HP: 8/24 MP: 0/6
  1655 | D:2      | Learned a level 2 spell: Poisonous Vapours
  2087 | D:2      | Found a glowing golden altar of the Shining One.
  2089 | D:2      | Found an iron altar of Okawaru.
  2878 | D:3      | Found a sparkling altar of Nemelex Xobeh.
  3076 | D:3      | Noticed a bullfrog
  3088 | D:3      | Killed a bullfrog
  3088 | D:3      | Gained mutation: You have large cloven feet. [demonic
                  | ancestry]
  3088 | D:3      | Reached XP level 4. HP: 12/31 MP: 2/8
  3547 | D:3      | Noticed a centaur
  3555 | D:3      | Slain by a centaur

Levels and vault maps discovered:
D:1:      elethiomel_arrival_diamonds, layout_loops_ring, minmay_misc_feat_room
D:2:      layout_loops_corners, chequers_temple_overflow_statue_of_worship,
          grunt_ministairs_14
D:3:      layout_loops_ring, nemelex_xobeh_ov_fountains_minmay

Skill      XL: |  1  2  3 |
---------------+----------+-----
Transmutations | 1 |  1.3
Stealth        | 2 |  2.1
Dodging        | 2 |  2.0
Fighting       | |  0.8
Short Blades   | |  0.9
Armour         | |  0.8
Unarmed Combat | |  0.2
Spellcasting   | |  2.8
Air Magic      | |  0.8
Poison Magic   | |  3.9

Action                   |  1- 3 |  4- 6 || total
-------------------------+-------+-------++-------
Melee: Unarmed           |    17 |       ||    17
       Short sword       |    58 |    10 ||    68
       Dagger            |    14 |       ||    14
       Kick              |       |     4 ||     4
       Whip              |       |     2 ||     2
 Fire: Hunting sling     |     2 |       ||     2
 Cast: Sting             |    40 |       ||    40
       Poisonous Vapours |    22 |     9 ||    31
 Stab: Sleeping          |     5 |       ||     5
  Eat: Ration            |     3 |     1 ||     4
Armor: Robe              |     8 |       ||     8
       Leather armour    |    31 |     6 ||    37
Dodge: Dodged            |    78 |     7 ||    85

Table legend:
 A = Non-vault XP
 B = Vault XP
 C = Vault XP percentage of total XP
 D = Non-vault monster count
 E = Vault monster count
 F = Vault count percentage of total count
                 A         B        C        D         E       F
            +---------+---------+-------+---------+---------+-------
      Total |     175 |      11 |   5.9 |      47 |       9 |  16.1
            +---------+---------+-------+---------+---------+-------
        D:1 |      28 |       8 |  22.2 |      15 |       7 |  31.8
        D:2 |      30 |       3 |   9.1 |      17 |       2 |  10.5
        D:3 |     117 |       0 |   0.0 |      15 |       0 |   0.0
            +---------+---------+-------+---------+---------+-------
